 Dungeon Crawl Stone Soup version 0.28-a0-627-g4e9751bbfc (webtiles) character file.

Game seed: 12123924484426498805

14284 EnegeticOcto the Martial Artist (level 11, -10/90 HPs)
             Began as a Demonspawn Chaos Knight on Oct 8, 2021.
             Was a Plaything of Xom.
             Engulfed by an ice statue's freezing vapour (13 damage)
             ... in an ice cave.
             The game lasted 00:39:41 (7262 turns).

EnegeticOcto the Martial Artist (DsCK)              Turns: 7262, Time: 00:39:42

Health: -10/90     AC:  6    Str: 12    XL:     11   Next: 86%
Magic:  11/11      EV: 12    Int: 16    God:    Xom [......]
Gold:   305        SH:  9    Dex: 16    Spells: 10/10 levels left

rFire   x . .      SeeInvis .     - Unarmed
rCold   + . .      Faith    .   t - +0 kite shield
rNeg    . . .      Spirit   .   B - +0 troll leather armour
rPois   +          Reflect  .   (helmet restricted)
rElec   .          Harm     .   (no cloak)
rCorr   .          Rampage  .   (no gloves)
Will    .....                   p - +0 pair of boots
Stlth   +.........              (no amulet)
HPRegen 1.25/turn               z - ring of poison resistance
MPRegen 0.12/turn               k - ring of ice

@: studying Throwing
A: powered by death 2, sharp scales 1, horns 2, agile 1
a: Renounce Religion


You were in an ice cave.
You worshipped Xom.
You were a very special plaything of Xom.
You visited 1 branch of the dungeon, and saw 11 of its levels.
You also visited: Sewer and Ice Cave.

You collected 625 gold pieces.
You spent 320 gold pieces at shops.

Inventory:

Hand Weapons
 c - a +1 dagger of pain
   (You found it on level 1 of the Dungeon)
 g - a +2 dagger of venom
   (You took it off a kobold on level 2 of the Dungeon)
 m - a +0 glaive of draining
   (You took it off Harold on level 7 of the Dungeon)
 s - a +0 short sword of distortion
   (You took it off Sonja on level 10 of the Dungeon)
Missiles
 h - 2 datura-tipped darts
 j - 64 poisoned darts
 l - 5 boomerangs
 A - a throwing net {!f}
 E - 6 curare-tipped darts (quivered)
Armour
 a - a +2 leather armour
 p - a +0 pair of boots (worn)
   (You found it on level 4 of the Dungeon)
 t - a +0 kite shield (worn)
   (You took it off a tengu warrior on level 10 of the Dungeon)
 y - +0 steam dragon scales
   (You found it on level 7 of the Dungeon)
 B - a +0 troll leather armour (worn)
   (You found it on level 9 of the Dungeon)
Jewellery
 k - a ring of ice (right hand)
   (You found it on level 2 of the Dungeon)
 z - a ring of poison resistance (left hand)
   (You found it on level 7 of the Dungeon)
 J - a ring of see invisible
   (You found it on level 11 of the Dungeon)
Wands
 e - a wand of acid (1) {@v1}
   (You found it on level 7 of the Dungeon)
 H - a wand of charming (13)
   (You found it on level 9 of the Dungeon)
Scrolls
 f - 2 scrolls of amnesia
 C - a scroll of enchant weapon {unknown}
 F - 2 scrolls of noise {unknown}
Potions
 b - a potion of degeneration
 i - 2 potions of curing {@q1 !q}
 o - 3 potions of mutation {unknown}
 q - 3 potions of lignification {unknown}
 r - 3 potions of brilliance {unknown}
 u - a potion of ambrosia
 v - 2 potions of attraction {unknown}
 w - 2 potions of haste {@q4 !q}
 x - 2 potions of flight {unknown}
 D - a potion of resistance
 G - a potion of might {@q3 !q}
 I - a potion of magic {unknown}
Miscellaneous
 d - a phantom mirror
   (You found it on level 10 of the Dungeon)
 n - a phial of floods
   (You found it on level 10 of the Dungeon)


   Skills:
 - Level 10.0 Fighting
 + Level 2.7 Throwing
 - Level 1.7 Armour
 - Level 6.0 Dodging
 * Level 2.7 Shields
 + Level 13.5 Unarmed Combat
 - Level 4.0 Evocations


You had 10 spell levels left.
You didn't know any spells.
Your spell library contained the following spells:

 Spells                   Type           Power      Damage    Failure   Level
 Animate Skeleton         Necr           0%         N/A       85%         1
 Pain                     Necr           0%         1d4       85%         1
 Ensorcelled Hibernation  Hex/Ice        0%         N/A       94%         2
 Slow                     Hex            0%         N/A       94%         2
 Static Discharge         Conj/Air       0%         N/A       94%         2
 Confusing Touch          Hex            0%         N/A       99%         3
 Conjure Flame            Conj/Fire      0%         6-21      99%         3
 Dazzling Flash           Conj/Hex       0%         N/A       99%         3
 Ignite Poison            Fire/Tmut/Pois 0%         N/A       99%         3
 Tukima's Dance           Hex            0%         N/A       99%         3
 Vampiric Draining        Necr           0%         2d6       99%         3
 Dispel Undead            Necr           0%         3d6       100%        4
 Iskenderun's Mystic Bla  Conj/Tloc      0%         2d3       100%        4
 Sticky Flame             Conj/Fire      0%         2d3       100%        4
 Agony                    Necr           0%         N/A       100%        5
 Excruciating Wounds      Necr           0%         N/A       100%        5
 Yara's Violent Unravell  Hex/Tmut       0%         3d3       100%        5
 Starburst                Conj/Fire      0%         6d3       100%        6
 Chain Lightning          Conj/Air       0%         N/A       100%        9
 Fire Storm               Conj/Fire      0%         5d1       100%        9
 Shatter                  Erth           0%         3d5*      100%        9


Dungeon Overview and Level Annotations

Branches:
Dungeon (11/15)            Temple (0/1) D:6            Lair (0/6) D:8
    Orc (0/2) D:10          Sewer (visited)           IceCv (1/1)

Altars:
Ashenzari
Fedhas
Okawaru
Qazlal
Sif Muna
Trog
Xom
Zin
The Shining One

Shops:
D:7 (   D:8 !   D:9 :   D:10 *(

Annotations:
D:4 2 transporters, xoxolimbo's ghost, amateur DsWz
D:10 3 runed translucent doors, Veteran's ghost, novice DDFi IceCv exclusion: ice statue


Innate Abilities, Weirdness & Mutations

You regenerate health from kills.
You are partially covered in razor-sharp scales. (AC +1, Slay +1)
You have a pair of horns on your head.
You are agile. (Dex +2)


Message History

You completely miss the yak. The yak closely misses you.
You barely miss the yak. The yak gores you.
You hit the yak but do no damage. You headbutt the yak.
The yak is lightly wounded.
You block the yak's attack.
You closely miss the yak. You headbutt the yak, but do no damage.
The yak is lightly wounded.
You block the yak's attack.
You hit the yak. You headbutt the yak, but do no damage.
The yak is lightly wounded.
You block the yak's attack.
You punch the yak! You headbutt the yak.
The yak is heavily wounded.
The yak misses you.
Your shield prevents you from hitting the yak.
You headbutt the yak, but do no damage.
The yak is heavily wounded.
The yak misses you.
You hit the yak but do no damage. Your headbutt misses the yak.
The yak is heavily wounded.
You block the yak's attack.
You hit the yak.
The yak is heavily wounded.
The yak misses you.
You pummel the yak!!
You kill the yak!
Really walk into a travel-excluded area?
Okay, then.
You can't wield that with a shield.
Unknown command.
Okay, then.
Okay, then.
Really walk into a travel-excluded area?
The ice statue gestures at you. The shard of ice hits you!!
You partially resist.
Okay, then.
You are wearing that object!
Adjust (i)tems, (s)pells, or (a)bilities?
B - a wand of acid (1) {@v1} Adjust to which letter? (? for menu, Esc to quit)
e - a wand of acid (1) {@v1};
B - a +0 troll leather armour (worn)
e - a wand of acid (1) (in hand) {@v1} You swing at nothing.
You swing at nothing.
You swing at nothing.
You swing at nothing.
You swing at nothing.
You swing at nothing.
You are now empty-handed.
Really walk into a travel-excluded area?
The ice statue gestures at you. The freezing blast engulfs you! You resist.
You are engulfed in freezing vapours.
You resist. The ice statue gestures at you. The freezing blast engulfs you!
You resist.
You are engulfed in freezing vapours.
You resist. The ice statue gestures at you. The shard of ice hits you!
You partially resist.
You hit the ice statue but do no damage.
The ice statue gestures.
Unknown command.
You hit the ice statue.
The ice statue is lightly damaged.
The ice statue gestures at you. The bolt of cold misses you.
You block the ice beast's attack.
You punch the ice statue!
The ice statue is moderately damaged.
The ice beast barely misses you.
You punch the ice statue!
The ice statue is moderately damaged.
The ice beast barely misses you. The ice statue gestures at you.
The freezing blast misses you.
You hit the ice statue but do no damage.
You headbutt the ice statue, but do no damage.
The ice statue is moderately damaged.
You are engulfed in freezing vapours.
You resist.
* * * LOW HITPOINT WARNING * * *
You are now a very special plaything of Xom.
You block the ice beast's attack.
You hit the ice statue. You headbutt the ice statue!
The ice statue is heavily damaged.
You are engulfed in freezing vapours.
You resist.
* * * LOW HITPOINT WARNING * * *
The ice beast hits you but does no damage.
The ice statue gestures at you. The freezing blast engulfs you! You resist.
* * * LOW HITPOINT WARNING * * *
Okay, then.
You hit the ice statue.
The ice statue is severely damaged.
You are engulfed in freezing vapours.
You resist.
* * * LOW HITPOINT WARNING * * *
The ice beast hits you but does no damage.
The ice statue gestures.
You hit the ice statue but do no damage.
The ice statue is severely damaged.
You are engulfed in freezing vapours.
You resist.
You die...
Xom chortles!

######## ##.#☼☼°.##
#####.....#..##
##..∩##..####°○#
#∩..####..###Y☼#
#....# #..##°@Y#
#...####...##°8.#
##..####...####°..#
#...##...### .###
#..##...## #.
#......## ..
##...### ## #####


You could see an ice statue and 2 ice beasts.

Vanquished Creatures
  A hydra (D:9)
  Harold (D:7)
  Fannar (D:10)
  A boulder beetle (D:10)
  Sonja (D:10)
  Pikel (D:7)
  A cyclops (D:10)
  A manticore (D:10)
  An unseen horror (D:11)
  A komodo dragon (D:10)
  A kobold demonologist (D:10)
  A tengu conjurer (D:10)
  2 trolls
  2 hornets (D:10)
  A shadow (D:10)
  7 yaks
  2 wraiths (D:10)
  2 wyverns (D:10)
  4 vampire mosquitoes
  A steam dragon (D:7)
  Menkaure (D:5)
  Duvessa (D:6)
  Purgy (Sewer)
  2 hornet zombies
  A necrophage (D:4)
  7 orc warriors (D:10)
  An ice beast (D:5)
  A black bear (D:5)
  3 wolves (IceCv)
  An ogre (D:2)
  A phantom (D:7)
  5 centaurs
  3 lemures (D:7)
  4 kobold brigands
  3 bullfrogs
  A gnoll sergeant (D:10)
  Dowan (D:6)
  A scorpion (D:4)
  A killer bee (D:10)
  11 wights
  2 howler monkeys (D:10)
  2 centaur zombies
  A jelly (D:4)
  A centaur skeleton (D:7)
  4 hounds
  A gnoll shaman (D:7)
  4 orc priests
  An iguana (D:7)
  9 orc wizards
  2 killer bee zombies
  3 howler monkey zombies
  6 adders
  9 gnolls (D:7)
  2 shadow imps (D:6)
  2 white imps (D:7)
  4 dart slugs
  14 orcs
  3 ball pythons
  4 endoplasms
  6 giant cockroaches
  5 goblins
  8 hobgoblins
  2 jackals (D:2)
  12 quokkas
  13 bats
  4 frilled lizards
  13 kobolds
  A rat (D:2)
221 creatures vanquished.

Vanquished Creatures (collateral kills)
  A tengu warrior (D:10)
  2 shadows (D:10)
  An orc warrior (D:10)
  A kobold brigand (D:10)
  2 wights (D:8)
  A howler monkey (D:8)
8 creatures vanquished.

Vanquished Creatures (others)
  A cyclops (D:10)
  A manticore (D:10)
  A troll (D:11)
  An acid dragon (D:10)
  3 kobolds (D:9)
  A plant (D:10)
8 creatures vanquished.

Grand Total: 237 creatures vanquished

Notes
Turn   | Place    | Note
-------+----------+-------------------------------------------
     0 | D:1      | EnegeticOcto the Demonspawn Chaos Knight began the quest
                  | for the Orb.
     0 | D:1      | Reached XP level 1. HP: 18/18 MP: 1/1
    68 | D:1      | XOM: divination: detect creatures
    80 | D:1      | XOM: silly message
   107 | D:1      | Reached skill level 3 in Unarmed Combat
   416 | D:1      | Gained mutation: You are partially covered in razor-sharp
                  | scales. (AC +1, Slay +1) [demonic ancestry]
   416 | D:1      | Reached XP level 2. HP: 23/24 MP: 2/2
   418 | D:1      | XOM: silly message
   863 | D:1      | XOM: silly message
  1007 | D:1      | XOM: noise
  1107 | D:1      | XOM: silly message
  1562 | D:2      | XOM: silly message
  1668 | D:2      | Gained mutation: You regenerate a little health from kills.
                  | [demonic ancestry]
  1668 | D:2      | Reached XP level 3. HP: 17/29 MP: 3/3
  1672 | D:2      | Reached skill level 4 in Unarmed Combat
  1815 | D:2      | Noticed an ogre
  1827 | D:2      | XOM: butterfly on damage
  1828 | D:2      | XOM: scenery: summon butterflies
  1829 | D:2      | XOM: silly message
  1838 | D:2      | XOM: noise
  1846 | D:2      | XOM: cast spell 'Leda's Liquefaction'
  1853 | D:2      | Killed an ogre
  1854 | D:2      | Reached skill level 5 in Unarmed Combat
  1854 | D:2      | Gained mutation: You regenerate health from kills. [demonic
                  | ancestry]
  1854 | D:2      | Reached XP level 4. HP: 18/35 MP: 4/4
  1906 | D:2      | XOM: confusion (+ monsters)
  1955 | D:2      | Found a faded altar of an unknown god.
  1991 | D:2      | Reached XP level 5. HP: 41/41 MP: 5/5
  2129 | D:3      | Found a shimmering blue altar of Sif Muna.
  2130 | D:3      | Found a bloodstained altar of Trog.
  2154 | D:3      | Reached skill level 6 in Unarmed Combat
  2154 | D:3      | Found a stormy altar of Qazlal.
  2154 | D:3      | Found an iron altar of Okawaru.
  2367 | D:3      | XOM: god gift: 2 datura-tipped darts
  2467 | D:3      | XOM: fog
  2473 | D:3      | Noticed a necrophage
  2473 | D:3      | XOM: destruction
  2475 | D:3      | XOM: cast spell 'Dispersal'
  2541 | D:4      | Reached XP level 6. HP: 47/47 MP: 6/6
  2580 | D:4      | Found a transporter.
  2593 | D:4      | Noticed xoxolimbo's ghost (amateur DsWz)
  2603 | D:4      | Found a transporter.
  2624 | D:4      | XOM: fake destruction
  2643 | D:4      | XOM: divination: detect creatures
  2694 | D:4      | Reached skill level 7 in Unarmed Combat
  2748 | D:4      | XOM: silly message
  2777 | D:5      | Entered Level 5 of the Dungeon
  2822 | D:5      | XOM: potion effect (invisibility)
  2825 | D:5      | XOM: summons 6 friendly demons
  2829 | D:5      | Reached XP level 7. HP: 52/52 MP: 7/7
  3005 | D:5      | Reached skill level 8 in Unarmed Combat
  3168 | D:5      | Noticed Menkaure
  3177 | D:5      | Killed Menkaure
  3375 | D:6      | Found a staircase to the Ecumenical Temple.
  3384 | D:6      | Reached skill level 4 in Fighting
  3388 | D:6      | Reached XP level 8. HP: 39/59 MP: 8/8
  3449 | D:6      | XOM: silly message
  3519 | D:6      | Noticed Dowan
  3520 | D:6      | Noticed Duvessa
  3529 | D:6      | XOM: potion effect (haste)
  3572 | D:6      | XOM: silly message
  3627 | D:6      | XOM: noise
  3632 | D:6      | Killed Duvessa
  3645 | D:6      | XOM: noise
  3647 | D:6      | Killed Dowan
  3685 | D:6      | XOM: noise
  3715 | D:6      | HP: 2/60 [wight (7)]
  3722 | D:6      | Reached skill level 9 in Unarmed Combat
  3803 | D:6      | Reached skill level 5 in Fighting
  3849 | D:6      | XOM: noise
  3884 | D:6      | Found a glowing drain.
  3911 | Sewer    | Entered a sewer
  3946 | Sewer    | Noticed Purgy
  3948 | Sewer    | XOM: noise
  3961 | Sewer    | Killed Purgy
  4116 | D:7      | Reached skill level 6 in Fighting
  4163 | D:7      | XOM: 1-stop teleportation journey
  4215 | D:7      | XOM: divination: magic mapping
  4218 | D:7      | XOM: divination: detect items
  4226 | D:7      | Reached XP level 9. HP: 71/71 MP: 9/9
  4303 | D:7      | XOM: smoke on damage
  4314 | D:7      | Noticed Pikel
  4322 | D:7      | XOM: draining
  4328 | D:7      | XOM: summons 2 friendly demons
  4336 | D:7      | XOM: stat loss: -1 Dex (13/14)
  4338 | D:7      | XOM: swap monsters
  4341 | D:7      | XOM: noise
  4351 | D:7      | XOM: scenery: summon butterflies
  4355 | D:7      | Killed Pikel
  4356 | D:7      | Reached skill level 7 in Fighting
  4356 | D:7      | Reached skill level 10 in Unarmed Combat
  4702 | D:7      | XOM: enchant monster (bad)
  4722 | D:7      | Found Usisuus's Antique Weapon Shop.
  4726 | D:7      | XOM: swap monsters
  4727 | D:7      | XOM: summons 2 hostile shadow creatures
  4885 | D:7      | XOM: god gift: 7 gold pieces
  4905 | D:7      | Noticed Harold
  4911 | D:7      | XOM: potion effect (invisibility)
  4914 | D:7      | XOM: fog
  4927 | D:7      | Killed Harold
  4928 | D:7      | Reached skill level 8 in Fighting
  5113 | D:8      | Found a broken altar of Ashenzari.
  5121 | D:8      | Found Miucrat's Distillery.
  5124 | D:8      | Bought a potion of ambrosia for 88 gold pieces
  5124 | D:8      | Bought a potion of resistance for 110 gold pieces
  5124 | D:8      | Bought a potion of curing for 33 gold pieces
  5124 | D:8      | Bought a potion of curing for 33 gold pieces
  5151 | D:8      | Reached skill level 1 in Dodging
  5190 | D:8      | Reached skill level 1 in Evocations
  5319 | D:8      | Found a staircase to the Lair.
  5355 | D:8      | XOM: give mutations
  5355 | D:8      | Gained mutation: You have a pair of small horns on your
                  | head. [Xom's grace]
  5355 | D:8      | Gained mutation: You have a pair of horns on your head.
                  | [Xom's grace]
  5355 | D:8      | Gained mutation: You are agile. (Dex +2) [Xom's grace]
  5371 | D:8      | Reached skill level 2 in Dodging
  5557 | D:8      | XOM: cast spell 'Summon Small Mammal'
  5562 | D:8      | Reached XP level 10. HP: 66/82 MP: 10/10
  5607 | D:8      | Reached skill level 2 in Evocations
  5769 | D:9      | Noticed a four-headed hydra
  5770 | D:9      | XOM: destruction
  5778 | D:9      | HP: 4/82 [four-headed hydra (11)]
  5779 | D:9      | Killed a four-headed hydra
  5780 | D:9      | Reached skill level 9 in Fighting
  5780 | D:9      | Reached skill level 3 in Dodging
  5780 | D:9      | Reached skill level 3 in Evocations
  5839 | D:9      | Found a blossoming altar of Fedhas.
  5895 | D:9      | Found Cibat's Book Shoppe.
  5899 | D:9      | Identified the +7 great sword of the Beast {vorpal, rF+
                  | Str-3 SInv Stlth+}
  5981 | D:10     | Entered Level 10 of the Dungeon
  5982 | D:10     | Found a runed translucent gate.
  6010 | D:10     | Found a staircase to the Orcish Mines.
  6042 | D:10     | XOM: potion effect (curing)
  6060 | D:10     | XOM: confuse monster(s)
  6089 | D:9      | HP: 1/83 [troll (4)]
  6092 | D:9      | Reached skill level 4 in Evocations
  6095 | D:9      | Reached skill level 4 in Dodging
  6286 | D:10     | Noticed Veteran's ghost (novice DDFi)
  6287 | D:10     | Found a runed translucent gate.
  6288 | D:10     | Found a runed translucent gate.
  6347 | D:10     | Found Xofulaal's General Store.
  6350 | D:10     | Bought a potion of might for 56 gold pieces
  6377 | D:10     | XOM: divination: magic mapping
  6388 | D:10     | XOM: polymorph killer bee -> bat
  6394 | D:10     | Reached skill level 10 in Fighting
  6398 | D:10     | XOM: divination: magic mapping
  6403 | D:10     | Reached skill level 5 in Dodging
  6429 | D:10     | Reached skill level 6 in Dodging
  6436 | D:10     | XOM: fog
  6441 | D:10     | XOM: 1-stop teleportation journey
  6455 | D:10     | Noticed Fannar
  6469 | D:10     | XOM: divination: magic mapping
  6472 | D:10     | Killed Fannar
  6473 | D:10     | Reached skill level 11 in Unarmed Combat
  6473 | D:10     | Found Ganan's Hydra Hut.
  6477 | D:10     | XOM: cast spell 'Chain of Chaos'
  6483 | D:10     | Reached XP level 11. HP: 24/90 MP: 11/11
  6492 | D:10     | Noticed a four-headed hydra
  6508 | D:10     | Noticed Sonja
  6511 | D:10     | XOM: scenery: summon butterflies
  6516 | D:10     | XOM: cast spell 'Shadow Creatures'
  6530 | D:10     | Killed Sonja
  6531 | D:10     | Noticed a two-headed ogre
  6534 | D:10     | XOM: 1-stop teleportation journey
  6562 | D:10     | XOM: destruction
  6567 | D:10     | XOM: divine lightning
  6608 | D:10     | XOM: god gift: 48 gold pieces
  6626 | D:10     | Reached skill level 12 in Unarmed Combat
  6637 | D:10     | XOM: cast spell 'Chain of Chaos'
  6666 | D:10     | XOM: cleaving
  6677 | D:10     | XOM: summons 4 friendly demons
  6689 | D:10     | XOM: 1-stop teleportation journey
  6703 | D:10     | Noticed a tengu warrior
  6703 | D:10     | XOM: 4-stop teleportation journey
  6734 | D:10     | XOM: scenery: create altars
  6749 | D:10     | Noticed a boulder beetle
  6759 | D:10     | Killed a boulder beetle
  6881 | D:10     | XOM: cast spell 'Monstrous Menagerie'
  6885 | D:10     | Reached skill level 13 in Unarmed Combat
  6887 | D:10     | Killed a tengu warrior
  7008 | D:10     | Reached skill level 1 in Throwing
  7008 | D:10     | Reached skill level 1 in Shields
  7060 | D:11     | XOM: divine lightning
  7078 | D:11     | XOM: fog
  7095 | D:11     | Reached skill level 2 in Throwing
  7095 | D:11     | Reached skill level 2 in Shields
  7129 | D:11     | Found a frozen archway.
  7176 | IceCv    | Entered an ice cave
  7261 | IceCv    | HP: 2/90 [ice statue] (10)]
  7262 | IceCv    | Engulfed by an ice statue's freezing vapour

Illustrated notes

Levels and vault maps discovered:
D:1:      denvon_arrival_planthouse, layout_basic, chequers_big_river,
          amcnicky_mini_pool_small
D:2:      layout_basic, shapermc_ecumenical_altar_ellora,
          minmay_randomly_rotated_circles
D:3:      layout_loops_ring, grunt_temple_overflow_open,
          gammafunk_temple_overflow_pools, minmay_tree_intersection,
          minmay_three_crescents
D:4:      minmay_diamond_boxcup, layout_rooms, tso_metal_star,
          gammafunk_ghost_arena, chequers_serial_rivers_large_a,
          serial_park_tiny_2
D:5:      black_bear_nest_2, layout_basic, uniq_menkaure
D:6:      layout_loops_corners, minmay_temple_entry_statues_pillars,
          gup_sewer_entry_pipe, hangedman_decor_clover_reticule, uniq_duvessa
D:7:      layout_loops_ring, kennysheep_small_square, uniq_harold, uniq_pikel
D:8:      layout_rooms, nicolae_ashenzari_panopticon, lair_entry_dummy,
          serial_shops, nicolae_shop_behind_doors, serial_co_window_serial,
          co_window_of_opportunity_a, co_window_corner_a, co_window_paths_a,
          co_window_corner_a, co_window_of_opportunity_a, co_window_corner_a,
          co_window_of_opportunity_a, co_window_broadway_a,
          co_window_broadway_b, co_window_of_opportunity_c, co_window_corner_b,
          co_window_of_opportunity_c, glass_columns_b, glass_columns_b
D:9:      layout_cave_pools, grunt_temple_overflow_opulence,
          lemuel_doored_altar, serial_shops, shop, kennysheep_generic_room_7
D:10:     minmay_the_grid_3x3 [minmay_the_grid_holed_spiral,
          minmay_the_grid_embedded, minmay_the_grid_zigzag_pyramid,
          minmay_the_grid_small_cups, minmay_the_grid_broken_lines,
          minmay_the_grid_outer_circle, minmay_the_grid_rooms,
          minmay_the_grid_medium_cups,
          minmay_the_grid_prize_four_corners_diamond_b], layout_basic,
          cheibrodos_worm_habitat, gammafunk_ghost_nasty_kobolds, serial_shops,
          nicolae_shop_crystal, doesnt_shop_hydraphobe, uniq_sonja, uniq_fannar
D:11:     layout_rooms, serial_shops, shop, portal_ice_cave_entry_pillars_2,
          uniq_maurice
IceCv:    ice_cave_caverns_03

Skill      XL: |  1  2  3  4  5  6  7  8  9 10 11 |
---------------+----------------------------------+-----
Unarmed Combat | 3 5 6 7 8 9 10 11 13 | 13.5
Fighting       | 4 6 8 10 | 10.0
Dodging        | 2 6 |  6.0
Evocations     | 1 4 |  4.0
Throwing       | 2 |  2.7
Shields        | 2 |  2.7
Armour         | |  1.7

Action                   |  1- 3 |  4- 6 |  7- 9 | 10-12 || total
-------------------------+-------+-------+-------+-------++-------
Melee: Unarmed           |   148 |   188 |   373 |   349 ||  1058
       Punch             |     1 |     1 |    21 |    19 ||    42
       Headbutt          |       |       |     3 |    78 ||    81
Throw: Dart              |    12 |     5 |    17 |     9 ||    43
       Boomerang         |       |       |    45 |    10 ||    55
       Throwing net      |       |       |     2 |       ||     2
Evoke: Wand              |       |       |     2 |    18 ||    20
  Use: Potion            |     1 |     1 |     3 |     8 ||    13
       Scroll            |       |     3 |     3 |     4 ||    10
 Stab: Invisible         |       |     1 |     2 |       ||     3
       Paralysed         |       |       |     4 |     3 ||     7
       Held in net/web   |       |       |     2 |       ||     2
       Confused          |       |       |       |     1 ||     1
       Distracted        |       |       |       |     3 ||     3
Armor: Leather armour    |    89 |    47 |    57 |       ||   193
       Steam dragon scal |       |       |    43 |    22 ||    65
       Skin              |       |       |     2 |       ||     2
       Troll leather arm |       |       |       |    93 ||    93
Dodge: Dodged            |   127 |    81 |   193 |   251 ||   652
Block: Kite shield       |       |       |       |    48 ||    48

Table legend: (Time is in decaauts)
 A = Elapsed time spent in this place.
 B = Non-inter-level travel time spent in this place.
 C = Inter-level travel time spent in this place.
 D = Time resting spent in this place.
 E = Time spent auto-exploring this place.
 F = Levels seen in this place.
 G = Mean time per level.
                   A        B        C        D        E       F      G
               +--------+--------+--------+--------+--------+-----+--------+
         Total |   7343 |   7197 |    146 |    376 |   1268 |  13 |  564.8 |
       Dungeon |   7152 |   7006 |    146 |    376 |   1268 |  11 |  650.2 |
         Sewer |    102 |    102 |      0 |      0 |      0 |   1 |  102.0 |
      Ice Cave |     88 |     88 |      0 |      0 |      0 |   1 |   88.0 |
               +--------+--------+--------+--------+--------+-----+--------+

Top non-repeatable levels by time:
     D:1: 1562 daAuts
     D:7: 1004 daAuts
    D:10: 833 daAuts
     D:9: 658 daAuts
     D:6: 606 daAuts
     D:2: 596 daAuts
     D:8: 558 daAuts
     D:5: 479 daAuts
     D:3: 376 daAuts
     D:4: 342 daAuts
    D:11: 135 daAuts
   Sewer: 102 daAuts
   IceCv: 88 daAuts
